 Dungeon Crawl Stone Soup version 0.23-a0-635-g88ca12a (webtiles) character file.

53 Gorice the Magician (level 3, 0/28 HPs)
             Began as a Demonspawn Wanderer on Dec 27, 2018.
             Succumbed to Crazy Yiuf's poison
             ... on level 2 of the Dungeon.
             The game lasted 00:05:33 (1256 turns).

Gorice the Magician (Demonspawn Wanderer)           Turns: 1256, Time: 00:05:34

Health: 0/28       AC:  5    Str: 12    XL:     3   Next: 64%
Magic:  1/7        EV:  9    Int: 15    God:
Gold:   53         SH:  0    Dex: 13    Spells: 7/8 levels left

rFire    . . .     SeeInvis .   c - +0 mace
rCold    . . .     Gourm    .   (no shield)
rNeg     . . .     Faith    .   b - +0 ring mail
rPois    .         Spirit   .   (no helmet)
rElec    .         Reflect  .   (no cloak)
rCorr    +         Harm     .   (no gloves)
MR       .....                  (no boots)
Stlth    +.........             (no amulet)
HPRegen  0.09/turn              C - ring of resist corrosion
MPRegen  0.10/turn              (no ring)

@: lethally poisoned (0 -> -3), very slightly contaminated, invisible
A: thin skeletal structure 1, powered by death 1
a: no special abilities


You were on level 2 of the Dungeon.
You were not hungry.

You visited 1 branch of the dungeon, and saw 2 of its levels.

You collected 53 gold pieces.

Inventory:

Hand Weapons
 c - a +0 mace (weapon)
Missiles
 a - 7 tomahawks of returning (quivered)
 Y - 24 stones
Armour
 b - a +0 ring mail (worn)
Jewellery
 C - a ring of resist corrosion (left hand)
Scrolls
 e - a scroll of teleportation {!r}
 k - 2 scrolls of amnesia {unknown}
 l - a scroll of remove curse
Potions
 f - a potion of haste {!q}
 h - a potion of degeneration {unknown}
 i - a potion of mutation {unknown}
 j - 2 potions of berserk rage {unknown}
Comestibles
 d - 7 rations


   Skills:
 + Level 2.8 Fighting
 * Level 2.7 Maces & Flails
 - Level 1.0 Throwing
 - Level 1.0 Stealth
 - Level 3.0 Spellcasting
 - Level 2.0 Conjurations


You had 7 spell levels left.
You knew the following spells:

 Your Spells              Type           Power        Failure   Level  Hunger
a - Magic Dart            Conj           #...         21%         1    #......

Your spell library contained the following spells:

 Spells                   Type           Power        Failure   Level  Hunger
 Corona                   Hex            #......      41%         1    #......
 Blink                    Tloc           N/A          56%         2    ##.....
 Call Imp                 Summ           #.......     56%         2    ##.....
 Ensorcelled Hibernation  Hex/Ice        #.....       56%         2    ##.....
 Slow                     Hex            #.......     56%         2    ##.....
 Conjure Flame            Conj/Fire      #.......     65%         3    ###....
 Dazzling Spray           Conj/Hex       #.....       65%         3    ###....
 Mephitic Cloud           Conj/Pois/Air  #.......     71%         3    ###....
 Confuse                  Hex            #.......     80%         3    ###....
 Tukima's Dance           Hex            #.......     80%         3    ###....


Dungeon Overview and Level Annotations

Branches:
Dungeon (2/15)

Altars:
Dithmenos

Annotations:
D:2 Crazy Yiuf


Innate Abilities, Weirdness & Mutations

You have a somewhat thin skeletal structure. (Dex +2, Stealth)
You regenerate a little health from kills.


Message History

Crazy Yiuf shouts!
Found a mace.
Crazy Yiuf cries, "Cholesterol sing-song sanguine!"
There is an open door here.
You hit Crazy Yiuf.
Crazy Yiuf is lightly wounded.
Crazy Yiuf hits you with a +4 quarterstaff of chaos.
You are poisoned.
Damage: 6 (max 6)
You barely miss Crazy Yiuf.
Crazy Yiuf is lightly wounded.
You feel sick. Crazy Yiuf barely misses you.
Damage: 1 (max 6)
You hit Crazy Yiuf but do no damage.
Crazy Yiuf is lightly wounded.
You feel sick.
Crazy Yiuf hits you with a +4 quarterstaff of chaos!
* * * LOW HITPOINT WARNING * * *
You are slowing down.
Damage: 8 (max 8)
Your limbs are stiffening.
Crazy Yiuf hits you with a +4 quarterstaff of chaos!
* * * LOW HITPOINT WARNING * * *
You feel your power leaking away.
You have turned to stone.
Crazy Yiuf barely misses you.
Crazy Yiuf whimpers, "Mountain light cloud!"
Crazy Yiuf hits you with a +4 quarterstaff of chaos.
* * * LOW HITPOINT WARNING * * *
You feel your power leaking away.
Crazy Yiuf hits you with a +4 quarterstaff of chaos.
* * * LOW HITPOINT WARNING * * *
You convulse.
Crazy Yiuf whimpers, "Snoogle spinner blue!"
Crazy Yiuf hits you with a +4 quarterstaff of chaos.
* * * LOW HITPOINT WARNING * * *
Crazy Yiuf burns you.
* * * LOW HITPOINT WARNING * * *
Crazy Yiuf flaps his cloak.
Crazy Yiuf barely misses you. Crazy Yiuf completely misses you.
Crazy Yiuf waves his quarterstaff at you.
Crazy Yiuf completely misses you.
Crazy Yiuf waves his quarterstaff at you.
Crazy Yiuf hits you with a +4 quarterstaff of chaos.
You fade into invisibility!
You are very lightly contaminated with residual magic.
You turn to flesh and can move again.
Damage: 12 (max 12)
You die...

#...# #... ..#..
#.# ##..## #..##
#.#.# #.#### ...##
#### #.#.# #.##..
...# #.#.# #.##.#
##.###
##.#.###.##.#
.....# ####
♣♣##............
##.### #)..#♣♣
♣..#..#.###..#.#
#.#
#...'.♣♣♣♣♣.....#.#
#..#.# #.#
#...#♣.g♣@......#.#
#..#.# #.# ####
♣♣♣.♣...##.#.#
#..#.# ##.#
♣♣♣♣♣###.#.# #..#.#
...# #.#.# #..#.#
#### ###
#.#.###..#.# #.#
..#........#
#.#################
#..................
#.#################


There were no monsters in sight!

Vanquished Creatures
  An ooze (D:2)
  4 dart slugs
  3 leopard geckos (D:2)
  A ball python (D:1)
  4 bats (D:1)
  A giant cockroach (D:2)
  6 goblins
  4 hobgoblins
  3 kobolds
  4 frilled lizards
  4 rats (D:1)
35 creatures vanquished.

Notes
Turn   | Place    | Note
-------+----------+-------------------------------------------
     0 | D:1      | Gorice the Demonspawn Wanderer began the quest for the Orb.
     0 | D:1      | Gorice set off with the following items: a +0 ring mail, a
                  | +0 mace, a ration; and the following spell memorised: Magic
                  | Dart; and the following spells available to memorise:
                  | Blink, Call Imp, Slow, Conjure Flame, Mephitic Cloud
     0 | D:1      | Reached XP level 1. HP: 16/16 MP: 4/4
   150 | D:1      | Gained mutation: You have a somewhat thin skeletal
                  | structure. (Dex +2, Stealth) [demonic ancestry]
   150 | D:1      | Reached XP level 2. HP: 20/22 MP: 6/6
   195 | D:1      | Reached skill level 2 in Maces & Flails
   616 | D:2      | Found a shadowy altar of Dithmenos.
   644 | D:2      | Gained mutation: You regenerate a little health from kills.
                  | [demonic ancestry]
   644 | D:2      | Reached XP level 3. HP: 25/28 MP: 7/7
  1234 | D:2      | Found a runed door.
  1238 | D:2      | Noticed Crazy Yiuf
  1246 | D:2      | HP: 6/28 [Crazy Yiuf/+4 quarterstaff of chaos (3)]
  1248 | D:2      | HP: 2/28 [Crazy Yiuf/+4 quarterstaff of chaos (3)]
  1256 | D:2      | Succumbed to Crazy Yiuf's poison

Vault maps used:
D:1:      minmay_arrival_four_houses
D:2:      nicolae_overflow_hidden_temple, grunt_dithmenos_smoke, first_ration,
          minivault_5, minmay_split_cup_large, uniq_crazy_yiuf_cottage

Skill      XL: |  1  2 |
---------------+-------+-----
Maces & Flails | 2 |  2.7
Fighting       | |  2.8
Throwing       | |  1.0
Stealth        | |  1.0
Spellcasting   | |  3.0
Conjurations   | |  2.0

Action                   || total
-------------------------++-------
Melee: Mace              ||   123
  Use: Scroll            ||     4
 Stab: Sleeping          ||     2
  Eat: Chunk             ||     1
Armor: Ring mail         ||    61
Dodge: Dodged            ||    95

Table legend:
 A = Non-vault XP
 B = Vault XP
 C = Vault XP percentage of total XP
 D = Non-vault monster count
 E = Vault monster count
 F = Vault count percentage of total count
                 A         B        C        D         E       F
            +---------+---------+-------+---------+---------+-------
      Total |      63 |      14 |  18.2 |      31 |       4 |  11.4
            +---------+---------+-------+---------+---------+-------
        D:1 |      38 |       0 |   0.0 |      19 |       0 |   0.0
        D:2 |      25 |      14 |  35.9 |      12 |       4 |  25.0
            +---------+---------+-------+---------+---------+-------

Table legend:
 A = Turns spent in this place as a percentage of turns spent in the entire game.
 B = Non-inter-level travel turns spent in this place as a percentage of non-inter-level travel turns spent in the entire game.
 C = Inter-level travel turns spent in this place as a percentage of turns spent in this place.
 D = Turns resting spent in this place as a percentage of non-inter-level travel turns spent in this place.
 E = Turns spent auto-exploring this place as a percentage of non-inter-level travel turns spent in this place.
 F = Non-inter-level travel turns spent in this place divided by the number of levels of this place that you've seen.
                   A       B       C       D       E      F
               +-------+-------+-------+-------+-------+----------------------
         Total | 100.0 | 100.0 |   1.4 |   0.0 |  65.5 | 619.0
       Dungeon | 100.0 | 100.0 |   1.4 |   0.0 |  65.5 | 619.0
               +-------+-------+-------+-------+-------+----------------------

Vault maps used:
D:1:      minmay_arrival_four_houses
D:2:      nicolae_overflow_hidden_temple, grunt_dithmenos_smoke, first_ration,
          minivault_5, minmay_split_cup_large, uniq_crazy_yiuf_cottage
